 Dungeon Sprint DCSS version 0.30-a0-509-gd016549fea (webtiles) character file.

Game seed: 13670685738385442

14480 mhtbhm the Severer (level 12, -1/132 HPs)
             Began as a Gargoyle Berserker on Dec 23, 2022.
             Was the Champion of Trog.
             Slain by a manticore (3 damage)
             ... in the Dungeon (Sprint V: "Ziggurat Sprint").
             The game lasted 00:04:49 (1347 turns).

mhtbhm the Severer (Gargoyle Berserker)             Turns: 1347, Time: 00:04:50

Health: -1/132     AC: 39    Str: 46    XL:     12   Next: 17%
Magic:  12/12      EV:  9    Int:  8    God:    Trog [******]
Gold:   0          SH:  0    Dex:  9    Spells: 11/11 levels left

rFire   + . .      SeeInvis .    a - +5 executioner's axe (vorpal)
rCold   + . .      Faith    +    (shield currently unavailable)
rNeg    + . .      Spirit   .    b - +5 gold dragon scales
rPois   ∞          Reflect  .    (no helmet)
rElec   +          Harm     .    t - +2 cloak
rCorr   .          Rampage  .    (no gloves)
Will    .....      NoTele   +    u - +1 pair of boots of Tenacity {Str+8 Slay-3}
Stlth   ..........               E - amulet of faith
HPRegen 0.42/turn                x - +6 ring of strength
MPRegen 0.13/turn                y - +6 ring of strength

@: berserking, glowing, studying Ranged Weapons, very quick
A: sickness immunity, AC +8, negative energy resistance 1, electricity
resistance, torment resistance 1, petrification resistance
a: Renounce Religion, Berserk, Trog's Hand, Brothers in Arms


You were in the Dungeon.
You worshipped Trog.
Trog was exalted by your worship.
You visited 1 branch

Inventory:

Hand Weapons
 a - a +5 vorpal executioner's axe (weapon)
Armour
 b - +5 gold dragon scales (worn)
 t - a +2 cloak (worn)
 u - the +1 pair of boots of Tenacity (worn) {Str+8 Slay-3}
   (You acquired it in the Dungeon)

   Str:       It affects your strength (+8).
   Slay:      It affects your accuracy & damage with ranged weapons and melee
   (-3).
Jewellery
 x - a +6 ring of strength (left hand)
 y - a +6 ring of strength (right hand)
 E - an amulet of faith (around neck)
Wands
 p - a wand of mindburst (7)
 q - a wand of iceblast (6)
 r - a wand of light (5)
Scrolls
 h - 4 scrolls of blinking
 m - 7 scrolls of fog
 n - 5 scrolls of identify
 o - 2 scrolls of fear
 v - 4 scrolls of enchant armour
 D - a scroll of brand weapon
Potions
 c - 8 potions of curing
 d - 9 potions of heal wounds
 e - 6 potions of haste
 f - 7 potions of magic
 g - 3 potions of berserk rage
 i - 2 potions of invisibility
 j - 4 potions of resistance
 k - a potion of experience
 l - 5 potions of might
 s - a potion of flight {unknown}
Miscellaneous
 w - a tin of tremorstones (2/2)
 z - a lightning rod (4/4)
 A - a box of beasts
 C - a phantom mirror


   Skills:
 + Level 16.2 Fighting
 + Level 19.9 Axes
 + Level 13.6 Armour
 + Level 3.9 Dodging
 + Level 6.2 Stealth
 + Level 6.4 Evocations


You had 11 spell levels left.
You didn't know any spells.
Your spell library was empty.

Dungeon Overview and Level Annotations

Branches:
Dungeon (1/1)

Altars:
Ashenzari
Cheibriados
Dithmenos
Elyvilon
Fedhas
Gozag
Hepliaklqana
Kikubaaqudgha
Makhleb
Nemelex Xobeh
Okawaru
Qazlal
Ru
Sif Muna
Trog
Uskayaw
Vehumet
Wu Jian
Xom
Yredelemnul
Zin
The Shining One
Jiyva
Lugonu

Annotations:
D 1 transporter


Innate Abilities, Weirdness & Mutations

You are immune to sickness and miasma.
Your stone body is resilient. (AC +8)
You are immune to poison.
You resist negative energy. (rN+)
You are resistant to electric shocks. (rElec)
You are resistant to unholy torment.
You are immune to petrification.


Message History

The merfolk javelineer throws a silver javelin.
The silver javelin pierces through you!
The merfolk impaler hits you but does no damage.
The merfolk impaler barely misses you. The satyr hits you but does no damage.
Unknown command.
You barely miss the merfolk javelineer.
The merfolk javelineer is almost dead.
You closely miss the merfolk impaler.
You barely miss the merfolk aquamancer. x2
The merfolk impaler hits you but does no damage.
The merfolk hits you from afar with a +0 trident.
The merfolk aquamancer hits you with a +0 rapier.
The merfolk impaler hits you but does no damage.
The manticore is engulfed in a cloud of scalding steam.
The merfolk impaler hits you from afar with a +0 trident!
Unknown command.
You slice the merfolk javelineer!!
You kill the merfolk javelineer!
Trog accepts your kill.
You slice the merfolk impaler!! You slash the merfolk aquamancer!
You kill the merfolk aquamancer!
Trog accepts your kill.
Trog appreciates your killing of a magic user.
You barely miss the merfolk aquamancer.
The merfolk impaler hits you with a +0 trident.
The satyr unwields a +0 spear.
The satyr wields a +2 vorpal longbow.
The satyr shoots an arrow.
The arrow hits you!
* * * LOW HITPOINT WARNING * * *
x2 The merfolk impaler closely misses you.
The merfolk impaler hits you but does no damage.
The merfolk barely misses you.
The merfolk aquamancer hits you with a +0 rapier!
* * * LOW HITPOINT WARNING * * *
Your Fighting skill increases to level 16!
Unknown command.
The merfolk impaler hits you with a +0 trident!
* * * LOW HITPOINT WARNING * * *
The manticore bites you.
* * * LOW HITPOINT WARNING * * *
The manticore claws you.
You die...

▓.........▓
▓▓▓▓▓▓▓▓▓▓▓▓▓.▓.....▓.▓
▓~..~8©8~...▓....©....▓
▓.~~::[~::..▓▓▓▓▓▓▓▓▓▓▓
▓~~~[|=))...▓...8©8...▓
▓.....m~...~▓..}:))|..▓
▓..~.~~....~▓.....|...▓
▓..~..Hc...~▓.........▓
▓.~~mm@mm..~▓.........▓
▓.~▓m††..▓.~▓...).....▓
▓▓§))▓▓ ▓...)††...▓
▓..▓.....▓~.▓.▓.).).▓.▓
▓.....©~~..~▓....©....▓
▓▓▓▓▓▓▓▓▓▓▓▓▓▓▓▓▓▓▓▓▓▓▓
▓...8©8...▓...8©8...▓..
▓..})..[}.▓..:|[:|..▓..
▓...:=|)..▓..).}|}..▓..


You could see 3 merfolk impalers, a satyr, 2 merfolk aquamancers, a merfolk and
a manticore.

Vanquished Creatures
  A tentacled starspawn (D)
  2 fire giants (D)
  A merfolk javelineer (D)
  2 two-headed ogres (D)
  A merfolk aquamancer (D)
  A hell hog (D)
  A wretched star (D)
  A sea snake (D)
  3 cyclopes (D)
  A manticore (D)
  4 naga magi (D)
  A rust devil (D)
  3 efreet (D)
  A freezing wraith (D)
  A hornet (D)
  2 polar bears (D)
  An ice devil (D)
  3 trolls (D)
  4 spriggans (D)
  Sigmund (D)
  2 fire elementals (D)
  A naga (D)
  A water moccasin (D)
  A hell hound (D)
  An orc warrior (D)
  A black bear (D)
  An ogre (D)
  3 wolves (D)
  Blork the orc (D)
  A necrophage (D)
  3 wights (D)
  2 crimson imps (D)
  2 quasits (D)
  An iron imp (D)
  Crazy Yiuf (D)
  3 orc priests (D)
  Jessica (D)
  3 orc wizards (D)
  A shadow imp (D)
  3 white imps (D)
  2 adder skeletons (D)
  2 orcs (D)
  A bat skeleton (D)
  A ball python zombie (D)
  A giant cockroach simulacrum (D)
  A quokka simulacrum (D)
  2 fire vortices (D)
78 creatures vanquished.

Vanquished Creatures (others)
  A troll (D)
  A ball python (D)
  2 starspawn tentacles (D)
4 creatures vanquished.

Grand Total: 82 creatures vanquished

Notes
Turn   | Place    | Note
-------+----------+-------------------------------------------
     0 | D        | mhtbhm the Gargoyle Berserker began the quest for the Orb.
     0 | D        | Reached XP level 1. HP: 14/14 MP: 1/1
     8 | D        | Banished a spatial maelstrom
    16 | D        | Found a shimmering blue altar of Sif Muna.
    16 | D        | Found a bloodstained altar of Trog.
    16 | D        | Found a sacrificial altar of Ru.
    16 | D        | Found a stormy altar of Qazlal.
    16 | D        | Found an iron altar of Okawaru.
    17 | D        | Found a sparkling altar of Nemelex Xobeh.
    17 | D        | Found a blossoming altar of Fedhas.
    17 | D        | Found the +6 Majin-Bo {vamp, MP+6 Int+6}
    17 | D        | Found the +27 heavy crossbow "Sniper" {vorpal, Acc+∞ SInv}
    17 | D        | Found the +10 dark maul {vorpal}
    17 | D        | Found the +15 Maxwell's patent armour {-Cast -Tele rElec
                  | Will+ rCorr}
    17 | D        | Found the +18 shield of the Gong {rElec rN+ Will+ EV-5}
    17 | D        | Found the +14 obsidian axe {vorpal, Mesm Drain Fly SInv}
    17 | D        | Found the +7 great mace "Firestarter" {inner flame, rF++}
    17 | D        | Found the +6 shillelagh "Devastator" {shatter}
    17 | D        | Found the +11 plutonium sword {Contam Stlth-}
    17 | D        | Found the +8 lance "Wyrmbane" {slay drac, rPois rF+ rC+
                  | AC+3}
    17 | D        | Found the +9 sword of Zonguldrok {reap}
    17 | D        | Found the +13 scythe of Curses {drain, Drain}
    17 | D        | Found the +5 sword of Power {vorpal}
    17 | D        | Found the +7 mace of Variability {chain chaos}
    17 | D        | Found the +7 Singing Sword {vorpal, sonic wave}
    17 | D        | Found the +8 storm bow {elec, penet}
    19 | D        | Found a transporter.
    19 | D        | Found an ancient bone altar of Kikubaaqudgha.
    19 | D        | Found a viscous altar of Jiyva.
    19 | D        | Found a corrupted altar of Lugonu.
    19 | D        | Found a hazy altar of Hepliaklqana.
    19 | D        | Found a burning altar of Makhleb.
    19 | D        | Found an opulent altar of Gozag.
    71 | D        | Entered arena 2.
    71 | D        | Noticed a wight
    71 | D        | Found a transporter.
    74 | D        | Reached skill level 3 in Axes
    74 | D        | Killed a wight
    75 | D        | Reached skill level 5 in Axes
    75 | D        | Reached XP level 2. HP: 17/22 MP: 2/2
    75 | D        | Reached XP level 3. HP: 22/27 MP: 3/3
    83 | D        | Entered arena 3.
    83 | D        | Noticed a polar bear
    83 | D        | Found a transporter.
    85 | D        | Reached ** piety under Trog
    87 | D        | Reached XP level 4. HP: 29/32 MP: 4/4
    88 | D        | Killed a polar bear
    89 | D        | Reached skill level 8 in Axes
    89 | D        | Reached skill level 5 in Armour
    89 | D        | Reached skill level 1 in Evocations
    89 | D        | Reached XP level 5. HP: 36/41 MP: 5/5
    89 | D        | Reached XP level 6. HP: 40/46 MP: 6/6
   111 | D        | Entered arena 4.
   111 | D        | Noticed Sigmund
   111 | D        | Noticed Jessica
   111 | D        | Noticed Blork the orc
   111 | D        | Noticed Crazy Yiuf
   111 | D        | Found a transporter.
   113 | D        | Killed Jessica
   113 | D        | Reached *** piety under Trog
   114 | D        | Killed Crazy Yiuf
   117 | D        | Killed Blork the orc
   118 | D        | Reached skill level 9 in Axes
   118 | D        | Reached skill level 1 in Stealth
   121 | D        | Killed Sigmund
   121 | D        | Reached **** piety under Trog
   122 | D        | Reached skill level 10 in Fighting
   122 | D        | Reached XP level 7. HP: 52/52 MP: 7/7
   138 | D        | Entered arena 5.
   138 | D        | Found a transporter.
   151 | D        | Reached ***** piety under Trog
   157 | D        | Acquired the +1 pair of boots of Tenacity {Str+8 Slay-3}
   167 | D        | Entered arena 6.
   167 | D        | Found the +3 giant club "Skullcrusher" {speed, Str+7}
   167 | D        | Found a transporter.
   170 | D        | Received a gift from Trog
   174 | D        | Reached skill level 10 in Axes
   227 | D        | Got the ring "Mima" {rC- Will+ rCorr EV+4 Int+7}
   236 | D        | Entered arena 7.
   236 | D        | Noticed a polar bear
   236 | D        | Noticed an ice devil
   236 | D        | Noticed a freezing wraith
   240 | D        | Killed a freezing wraith
   240 | D        | Identified the +6 battleaxe "Ybbemikh" {flame, rPois Will++
                  | Str-2 Stlth+} (Trog gifted it to you in the Dungeon)
   240 | D        | Received a gift from Trog
   241 | D        | Reached skill level 11 in Axes
   241 | D        | Reached XP level 8. HP: 60/60 MP: 8/8
   241 | D        | Found a transporter.
   243 | D        | Killed an ice devil
   245 | D        | Killed a polar bear
   246 | D        | Reached skill level 12 in Axes
   354 | D        | Entered arena 8.
   354 | D        | Noticed a rust devil
   354 | D        | Noticed a wretched star
   354 | D        | Noticed a tentacled starspawn
   359 | D        | Killed a tentacled starspawn
   359 | D        | Received a gift from Trog
   360 | D        | Reached skill level 13 in Axes
   360 | D        | Reached skill level 5 in Stealth
   360 | D        | Reached XP level 9. HP: 65/65 MP: 9/9
   360 | D        | Found a transporter.
   363 | D        | Killed a rust devil
   364 | D        | Reached skill level 14 in Axes
   364 | D        | Reached skill level 5 in Evocations
   374 | D        | Killed a wretched star
   375 | D        | Reached XP level 10. HP: 49/72 MP: 10/10
   455 | D        | Entered arena 9.
   455 | D        | Noticed a naga mage
   455 | D        | Noticed a naga mage
   455 | D        | Noticed a naga mage
   455 | D        | Noticed a naga mage
   456 | D        | Found a transporter.
   463 | D        | Killed a naga mage
   463 | D        | Killed a naga mage
   464 | D        | Reached skill level 10 in Armour
   465 | D        | Killed a naga mage
   465 | D        | Reached ****** piety under Trog
   466 | D        | Reached skill level 15 in Axes
   468 | D        | Received a gift from Trog
   469 | D        | Killed a naga mage
   520 | D        | Got the ring of the Solstice {Wiz rPois Slay+2}
   782 | D        | Entered arena 10.
   782 | D        | Noticed a spriggan rider
   783 | D        | Found a transporter.
   797 | D        | Received a gift from Trog
   798 | D        | Reached skill level 16 in Axes
   966 | D        | Entered arena 11.
   967 | D        | Found a transporter.
   974 | D        | Received a gift from Trog
  1114 | D        | Entered arena 12.
  1114 | D        | Noticed a cyclops
  1114 | D        | Noticed a two-headed ogre
  1114 | D        | Noticed a two-headed ogre
  1114 | D        | Noticed a cyclops
  1115 | D        | Noticed a cyclops
  1117 | D        | Found a transporter.
  1120 | D        | Killed a two-headed ogre
  1120 | D        | Killed a two-headed ogre
  1120 | D        | Received a gift from Trog
  1121 | D        | Reached skill level 17 in Axes
  1121 | D        | Reached XP level 11. HP: 80/80 MP: 11/11
  1124 | D        | Killed a cyclops
  1125 | D        | Killed a cyclops
  1127 | D        | Killed a cyclops
  1192 | D        | Entered arena 13.
  1192 | D        | Noticed a fire giant
  1192 | D        | Noticed a fire giant
  1193 | D        | Noticed a hell hog
  1198 | D        | Reached skill level 18 in Axes
  1201 | D        | Killed a hell hog
  1201 | D        | Received a gift from Trog
  1202 | D        | Killed a fire giant
  1202 | D        | Killed a fire giant
  1203 | D        | Reached skill level 15 in Fighting
  1203 | D        | Reached skill level 19 in Axes
  1207 | D        | Found a transporter.
  1259 | D        | Got the ring "Jiowni Cuppi" {Fly MP+9 Str-5 Dex+8}
  1334 | D        | Entered arena 14.
  1335 | D        | Noticed a merfolk aquamancer
  1335 | D        | Noticed a merfolk aquamancer
  1335 | D        | Noticed a merfolk impaler
  1335 | D        | Noticed a manticore
  1335 | D        | Noticed a sea snake
  1335 | D        | Noticed a merfolk aquamancer
  1335 | D        | Noticed a merfolk javelineer
  1335 | D        | Noticed a merfolk impaler
  1336 | D        | Identified the ring "Hoybaah" {Int+10 Dex-5 SInv}
  1336 | D        | Noticed a manticore
  1336 | D        | Noticed a satyr
  1336 | D        | Noticed a merfolk impaler
  1341 | D        | Killed a sea snake
  1341 | D        | Received a gift from Trog
  1342 | D        | Reached XP level 12. HP: 88/88 MP: 12/12
  1343 | D        | Found a transporter.
  1346 | D        | Killed a merfolk javelineer
  1346 | D        | Killed a merfolk aquamancer
  1347 | D        | HP: 2/132 [manticore (6)]
  1347 | D        | Slain by a manticore

Illustrated notes

Levels and vault maps discovered:
D:        sprint_v [room_start, room_1, room_2, room_3, room_4, room_5, room_6,
          room_7, room_8, room_9, room_10, room_11, room_12, room_13, room_14,
          room_15, room_16, room_17, room_18, room_19, room_20, room_21,
          room_22, room_23, room_24, room_25, room_26, room_27]

Skill      XL: |  1  2  3  4  5  6  7  8  9 10 11 12 |
---------------+-------------------------------------+-----
Axes           | 5 8 9 11 13 14 17 19 | 19.9
Fighting       | 6 9 10 11 12 14 15 16 | 16.2
Armour         | 3 5 6 7 9 12 13 | 13.6
Dodging        | 2 3 |  3.9
Evocations     | 1 2 4 5 6 |  6.4
Stealth        | 1 3 5 6 |  6.2

Action                   |  1- 3 |  4- 6 |  7- 9 | 10-12 || total
-------------------------+-------+-------+-------+-------++-------
Melee: Executioner's axe |     2 |     5 |    28 |    58 ||    93
Invok: Berserk           |       |       |       |     5 ||     5
Evoke: Lightning rod     |     3 |       |     7 |       ||    10
       Wand              |       |     2 |     1 |       ||     3
       Tin of tremorston |       |       |     2 |       ||     2
  Use: Potion            |       |     1 |       |     2 ||     3
       Scroll            |       |       |     1 |     1 ||     2
 Stab: Invisible         |       |     2 |       |       ||     2
       Distracted        |       |       |       |     1 ||     1
Armor: Gold dragon scale |     2 |     5 |    44 |    79 ||   130
Dodge: Dodged            |       |     4 |    12 |    39 ||    55

Table legend: (Time is in decaauts)
 A = Elapsed time spent in this place.
 B = Non-inter-level travel time spent in this place.
 C = Inter-level travel time spent in this place.
 D = Time resting spent in this place.
 E = Time spent auto-exploring this place.
 F = Levels seen in this place.
 G = Mean time per level.
                   A        B        C        D        E       F      G
               +--------+--------+--------+--------+--------+-----+--------+
         Total |   1395 |   1395 |      0 |    940 |      0 |   1 | 1395.0 |
       Dungeon |   1395 |   1395 |      0 |    940 |      0 |   1 | 1395.0 |
               +--------+--------+--------+--------+--------+-----+--------+

Top non-repeatable levels by time:
       D: 1395 daAuts
